Sharks vs Golden Knights
Created - February 24, 2024 at 19:26
Goals
|
| Sharks |
3 |
0 |
1 |
4 |
| Golden Knights |
3 |
1 |
2 |
6 |
|
Shots
|
| Sharks |
11 |
4 |
10 |
25 |
| Golden Knights |
18 |
7 |
8 |
33 |
|
1st period
1. Golden Knights , Andrei Loktionov 24 (Marcus Johansson 25) at 6:57
2. Sharks , Conor Sheary 16 (Oscar Sundqvist 21) at 7:37
3. Sharks , Vince Hinostroza 2 (Andreas Martinsen 5, Brendan Gaunce 16) at 12:08
4. Sharks , Dion Phaneuf 5 (Andreas Martinsen 6, Vince Hinostroza 4) at 14:00
5. Golden Knights , Brendan Gallagher 26 (Brady Skjei 34, Zach Bogosian 31) at 14:56
6. Golden Knights , Marcus Johansson 18 (Brady Skjei 35, Brendan Gallagher 37) at 17:49
Penalties :
Mike Lundin (S.J) for Hooking (Minor) at 19:12
2nd period
7. Golden Knights , JT Compher 8 (Eric Robinson 1, Anton Lindholm 8) at 14:32
Penalties :
Boone Jenner (S.J) for Tripping (Minor) at 3:34, Zach Parise (S.J) for Interference (Minor) at 19:27
3rd period
8. Golden Knights , Brandon Dubinsky 10 (Christopher Tanev 5, Zach Hyman 10) at 1:46
9. Golden Knights , Brendan Gallagher 27 (Marcus Johansson 26) at 12:52 (PP)
10. Sharks , Conor Sheary 17 (Oscar Sundqvist 22, Vince Hinostroza 5) at 17:58
Penalties :
Connor Murphy (S.J) for Elbowing (Minor) at 3:14, Anton Lindholm (Veg) for Hooking (Minor) at 10:19, Markus Nutivaara (S.J) for Interference (Minor) at 12:37, Mike Lundin (S.J) for Interference (Minor) at 15:02
Goalie Stats
Philipp Grubauer (S.J), 27 saves from 33 shots - (0.818), L, 15-21-4, 60:00 minutes
Laurent Brossoit (Veg), 21 saves from 25 shots - (0.840), W, 6-5-0, 60:00 minutes
Players Stats for Sharks
Player Name G A P +/- PIM S H SB GA TA FO MP PP MP PK MP
------------------------------------------------------------------------------------
Andreas Martinsen 0 2 2 0 0 2 0 0 0 0 0/0 13:34 0:00 2:02
Boone Jenner 0 0 0 -1 2 1 3 0 0 0 11/32 22:05 1:04 5:00
Brendan Gaunce 0 1 1 0 0 2 0 0 0 0 2/5 12:11 0:00 1:29
Connor Murphy 0 0 0 -1 2 0 1 0 0 0 0/0 14:14 0:00 2:13
Conor Sheary 2 0 2 2 0 4 3 0 0 1 1/2 14:23 0:55 0:00
Daniel Carcillo 0 0 0 -2 0 0 0 0 0 1 0/0 6:55 0:00 0:17
Dion Phaneuf 1 0 1 0 0 2 0 1 1 0 0/0 27:03 1:00 7:00
Gustav Nyquist 0 0 0 -2 0 0 1 0 0 0 2/3 7:27 0:00 0:49
Jeremy Morin 0 0 0 0 0 0 0 0 0 0 0/0 0:00 0:00 0:00
MacKenzie Weegar 0 0 0 0 0 0 1 5 0 0 0/0 12:48 0:00 0:00
Markus Nutivaara 0 0 0 -1 2 1 0 0 0 1 0/0 21:01 0:59 4:02
Mike Lundin 0 0 0 1 4 1 1 0 0 1 0/0 26:22 1:00 3:55
Oscar Sundqvist 0 2 2 2 0 4 3 1 0 1 2/9 19:23 0:55 2:52
Steven Stamkos 0 0 0 -1 0 2 2 0 1 0 1/5 22:05 1:04 5:50
Tyler Cuma 0 0 0 -1 0 1 2 0 0 0 0/0 20:09 0:59 3:10
Vince Hinostroza 1 2 3 0 0 3 3 2 1 0 1/1 11:24 0:09 0:00
Wayne Simmonds 0 0 0 -3 0 2 2 0 0 0 1/3 20:29 0:55 0:00
Zach Parise 0 0 0 2 2 0 4 1 2 0 0/0 18:11 0:55 2:01
Players Stats for Golden Knights
Player Name G A P +/- PIM S H SB GA TA FO MP PP MP PK MP
------------------------------------------------------------------------------------
Andrei Loktionov 1 0 1 2 0 3 5 0 0 0 24/34 22:55 5:18 1:02
Andrew Cogliano 0 0 0 -3 0 2 4 1 1 1 0/0 17:07 3:40 0:25
Anton Lindholm 0 1 1 -2 2 0 1 2 0 1 0/0 12:00 0:32 0:00
Brady Skjei 0 2 2 2 0 3 1 1 1 1 0/0 28:58 5:24 0:56
Brandon Dubinsky 1 0 1 1 0 3 1 0 0 0 3/6 10:57 0:52 0:09
Brendan Gallagher 2 1 3 2 0 6 3 1 0 0 5/7 22:51 5:15 1:00
Cal Clutterbuck 0 0 0 -3 0 0 3 0 1 0 1/1 17:19 3:40 0:23
Christopher Tanev 0 1 1 -2 0 0 1 0 0 0 0/0 11:23 0:50 0:00
Eric Robinson 0 1 1 1 0 0 0 0 0 0 0/0 8:50 0:53 0:00
Frederick Gaudreau 0 0 0 1 0 0 1 0 0 0 1/3 8:14 0:19 0:00
Gabriel Bourque 0 0 0 1 0 1 2 0 0 0 0/0 10:32 0:16 0:00
Jamie Oleksiak 0 0 0 1 0 0 3 0 1 0 0/0 19:39 3:56 1:03
JT Compher 1 0 1 1 0 4 0 0 0 0 0/0 8:36 0:53 0:00
Marcus Johansson 1 2 3 2 0 2 1 0 0 0 0/0 21:47 5:21 0:00
Olli Maatta 0 0 0 1 0 1 1 0 0 1 0/0 19:11 4:14 1:03
Ryan Nugent-Hopkins 0 0 0 -3 0 3 2 0 0 1 5/9 17:29 3:41 0:23
Zach Bogosian 0 1 1 2 0 1 4 0 1 0 0/0 28:58 5:24 0:56
Zach Hyman 0 1 1 1 0 4 0 1 0 0 0/0 11:14 0:22 0:36
3 Stars
1 - Brendan Gallagher (Veg)
2 - Marcus Johansson (Veg)
3 - Conor Sheary (S.J)
Power Play
Sharks - 0 on 1 Attempt(s) - 0.00%
Golden Knights - 1 on 6 Attempt(s) - 16.67%
Penalty Kill
Sharks - 5 on 6 Attempt(s) - 83.33%
- Score 0 goal in Penalty Kill
Golden Knights - 1 on 1 Attempt(s) - 100.00%
- Score 0 goal in Penalty Kill
Team Stat
Sharks - Hits : 26 - Faceoff Wins : 21 - Blocked Shots : 10 - Penalty Minutes : 12
Golden Knights - Hits : 33 - Faceoff Wins : 39 - Blocked Shots : 6 - Penalty Minutes : 2
Official
Referees : Jon McIsaac and Mitch Dunning
Linesman : Jesse Marquis and Andrew Smith
Game Notes
No Game Note
Finance
Level 1 -- Attendance: 6000 (100.00%) -- Ticket Income $600,000
Level 2 -- Attendance: 5000 (100.00%) -- Ticket Income $300,000
Level 3 -- Attendance: 2000 (100.00%) -- Ticket Income $70,000
Level 4 -- Attendance: 3937 (98.43%) -- Ticket Income $98,425
Luxury Box -- Attendance: 922 (92.20%) -- Ticket Income $184,400
Game was played at the T-Mobile Arena.
Total Attendance: 17859 (99.22%)
Total Ticket Income: $1,252,825
Other Income: $187,924
Total Income: $1,440,749
Sharks
5 vs 5 Forward
Center Left Wing Right Wing Time % Phy DF OF
1 Boone Jenner Steven Stamkos Wayne Simmonds 40 1 2 2
2 Oscar Sundqvist Zach Parise Conor Sheary 30 1 2 2
3 Brendan Gaunce Andreas Martinsen Vince Hinostroza 20 1 2 2
4 Gustav Nyquist Daniel Carcillo Wayne Simmonds 10 1 2 2
5 vs 5 Defense
Defense Defense Time % Phy DF OF
1 Mike Lundin Dion Phaneuf 40 1 2 2
2 Tyler Cuma Markus Nutivaara 30 1 2 2
3 Connor Murphy MacKenzie Weegar 20 1 2 2
4 Mike Lundin Dion Phaneuf 10 1 2 2
PowerPlay Forward
Center Left Wing Right Wing Time % Phy DF OF
1 Boone Jenner Steven Stamkos Wayne Simmonds 60 1 2 2
2 Oscar Sundqvist Zach Parise Conor Sheary 40 1 2 2
PowerPlay Defense
Defense Defense Time % Phy DF OF
1 Mike Lundin Dion Phaneuf 60 1 2 2
2 Tyler Cuma Markus Nutivaara 40 1 2 2
Penalty Kill 4 Players Forward
Center Wing Time % Phy DF OF
1 Boone Jenner Steven Stamkos 60 1 2 2
2 Oscar Sundqvist Zach Parise 40 1 2 2
Penalty Kill 4 Players Defense
Defense Defense Time % Phy DF OF
1 Mike Lundin Dion Phaneuf 60 1 2 2
2 Tyler Cuma Markus Nutivaara 40 1 2 2
Penalty Kill - 3 Players Forward
Forward Time % Phy DF OF
1 Boone Jenner 60 1 2 2
2 Oscar Sundqvist 40 1 2 2
Penalty Kill - 3 Players Defense
Defense Defense Time % Phy DF OF
1 Mike Lundin Dion Phaneuf 60 1 2 2
2 Tyler Cuma Markus Nutivaara 40 1 2 2
4 vs 4 Forward
Center Wing Time % Phy DF OF
1 Boone Jenner Steven Stamkos 60 1 2 2
2 Oscar Sundqvist Zach Parise 40 1 2 2
4 vs 4 Defense
Defense Defense Time % Phy DF OF
1 Mike Lundin Dion Phaneuf 60 1 2 2
2 Tyler Cuma Markus Nutivaara 40 1 2 2
Last Minutes Offensive
Center Left Wing Right Wing Defense Defense
Boone Jenner Steven Stamkos Wayne Simmonds Mike Lundin Dion Phaneuf
Last Minutes Defensive
Center Left Wing Right Wing Defense Defense
Boone Jenner Steven Stamkos Wayne Simmonds Mike Lundin Dion Phaneuf
Goaltenders
Starting : Philipp Grubauer
Backup : Malcolm Subban
Extra Forwards
Normal : Boone Jenner, Oscar Sundqvist, Andreas Martinsen - PP : Boone Jenner, Oscar Sundqvist - PK : Boone Jenner
Extra Defensemen
Normal : Markus Nutivaara, Connor Murphy, MacKenzie Weegar - PP : Markus Nutivaara - PK : Markus Nutivaara, Connor Murphy
Penalty Shots
Steven Stamkos, Wayne Simmonds, Conor Sheary, Zach Parise, Boone Jenner
Custom OT Lines Forwards
Steven Stamkos, Wayne Simmonds, Conor Sheary, Zach Parise, Boone Jenner, Oscar Sundqvist, Andreas Martinsen, Daniel Carcillo, Jeremy Morin, Brendan Gaunce
Custom OT Lines Defensemen
Mike Lundin, Dion Phaneuf, Tyler Cuma, Markus Nutivaara, Connor Murphy
Scratches
Arturs Kulda (Healthy), Ronalds Kenins (Severed Right Wrist Tendon Injury)
Golden Knights
5 vs 5 Forward
Center Left Wing Right Wing Time % Phy DF OF
1 Andrei Loktionov Marcus Johansson Brendan Gallagher 40 0 2 3
2 Ryan Nugent-Hopkins Andrew Cogliano Cal Clutterbuck 30 0 2 3
3 Brandon Dubinsky Gabriel Bourque Zach Hyman 20 1 2 2
4 Frederick Gaudreau Eric Robinson JT Compher 10 2 2 1
5 vs 5 Defense
Defense Defense Time % Phy DF OF
1 Zach Bogosian Brady Skjei 40 1 2 2
2 Olli Maatta Jamie Oleksiak 30 1 2 2
3 Christopher Tanev Anton Lindholm 20 1 2 2
4 Zach Bogosian Brady Skjei 10 1 2 2
PowerPlay Forward
Center Left Wing Right Wing Time % Phy DF OF
1 Andrei Loktionov Marcus Johansson Brendan Gallagher 60 1 2 2
2 Ryan Nugent-Hopkins Andrew Cogliano Cal Clutterbuck 40 1 2 2
PowerPlay Defense
Defense Defense Time % Phy DF OF
1 Zach Bogosian Brady Skjei 60 1 2 2
2 Olli Maatta Jamie Oleksiak 40 1 2 2
Penalty Kill 4 Players Forward
Center Wing Time % Phy DF OF
1 Andrei Loktionov Brendan Gallagher 60 1 2 2
2 Ryan Nugent-Hopkins Cal Clutterbuck 40 1 3 1
Penalty Kill 4 Players Defense
Defense Defense Time % Phy DF OF
1 Zach Bogosian Brady Skjei 60 1 2 2
2 Olli Maatta Jamie Oleksiak 40 1 3 1
Penalty Kill - 3 Players Forward
Forward Time % Phy DF OF
1 Andrei Loktionov 60 1 3 1
2 Brendan Gallagher 40 0 4 1
Penalty Kill - 3 Players Defense
Defense Defense Time % Phy DF OF
1 Zach Bogosian Brady Skjei 60 1 3 1
2 Olli Maatta Jamie Oleksiak 40 1 3 1
4 vs 4 Forward
Center Wing Time % Phy DF OF
1 Andrei Loktionov Brendan Gallagher 60 1 2 2
2 Ryan Nugent-Hopkins Cal Clutterbuck 40 1 2 2
4 vs 4 Defense
Defense Defense Time % Phy DF OF
1 Zach Bogosian Brady Skjei 60 1 2 2
2 Olli Maatta Jamie Oleksiak 40 1 2 2
Last Minutes Offensive
Center Left Wing Right Wing Defense Defense
Andrei Loktionov Marcus Johansson Brendan Gallagher Zach Bogosian Brady Skjei
Last Minutes Defensive
Center Left Wing Right Wing Defense Defense
Andrei Loktionov Marcus Johansson Brendan Gallagher Zach Bogosian Brady Skjei
Goaltenders
Starting : Laurent Brossoit
Backup : Cam Ward
Extra Forwards
Normal : Brendan Gallagher, Brandon Dubinsky, Zach Hyman - PP : Brendan Gallagher, Brandon Dubinsky - PK : Zach Hyman
Extra Defensemen
Normal : Christopher Tanev, Anton Lindholm, Olli Maatta - PP : Christopher Tanev - PK : Anton Lindholm, Olli Maatta
Penalty Shots
Andrei Loktionov, Brendan Gallagher, Ryan Nugent-Hopkins, Cal Clutterbuck, Marcus Johansson
Custom OT Lines Forwards
Andrei Loktionov, Brendan Gallagher, Ryan Nugent-Hopkins, Cal Clutterbuck, Marcus Johansson, Brandon Dubinsky, Andrew Cogliano, Zach Hyman, Gabriel Bourque, JT Compher
Custom OT Lines Defensemen
Zach Bogosian, Brady Skjei, Olli Maatta, Jamie Oleksiak, Christopher Tanev
Scratches
Jonathan Marchessault (Healthy)
% Time on Ice - Sharks
Lines # - Real PCT - Wanted PCT - Time Play
Normal Forward
1 - 32% - 40% - 15:25
2 - 32% - 30% - 15:06
3 - 22% - 20% - 10:42
4 - 14% - 10% - 6:38
Normal Defense
1 - 37% - 40% - 17:38
2 - 33% - 30% - 15:56
3 - 25% - 20% - 12:00
4 - 5% - 10% - 2:17
PP Forward
1 - 54% - 60% - 1:04
2 - 46% - 40% - 0:55
PP Defense
1 - 50% - 60% - 1:00
2 - 50% - 40% - 0:59
PK Forward
1 - 73% - 60% - 7:25
2 - 27% - 40% - 2:45
PK Defense
1 - 76% - 60% - 7:43
2 - 24% - 40% - 2:27
PK3 Forward
1 - 0% - 60%
2 - 0% - 40%
PK3 Defense
1 - 0% - 60%
2 - 0% - 40%
44 Forward
1 - 0% - 60%
2 - 0% - 40%
44 Defense
1 - 0% - 60%
2 - 0% - 40%
Last Minute Offensive - 0:00
Last Minute Defensive - 0:00
Total
Forward - 60:00
Defense - 60:00
|
% Time on Ice - Golden Knights
Lines # - Real PCT - Wanted PCT - Time Play
Normal Forward
1 - 34% - 40% - 16:26
2 - 28% - 30% - 13:14
3 - 21% - 20% - 10:16
4 - 17% - 10% - 7:55
Normal Defense
1 - 41% - 40% - 19:28
2 - 31% - 30% - 14:40
3 - 22% - 20% - 10:33
4 - 7% - 10% - 3:10
PP Forward
1 - 63% - 60% - 6:22
2 - 37% - 40% - 3:48
PP Defense
1 - 58% - 60% - 5:56
2 - 42% - 40% - 4:14
PK Forward
1 - 81% - 60% - 1:36
2 - 19% - 40% - 0:23
PK Defense
1 - 47% - 60% - 0:56
2 - 53% - 40% - 1:03
PK3 Forward
1 - 0% - 60%
2 - 0% - 40%
PK3 Defense
1 - 0% - 60%
2 - 0% - 40%
44 Forward
1 - 0% - 60%
2 - 0% - 40%
44 Defense
1 - 0% - 60%
2 - 0% - 40%
Last Minute Offensive - 0:00
Last Minute Defensive - 0:00
Total
Forward - 60:00
Defense - 60:00
|
Play-by-Play
1st period
0:01 of 1st period - Andrei Loktionov wins face-off versus Boone Jenner in neutral zone.
0:54 of 1st period - Icing by Andreas Martinsen.
0:55 of 1st period - Frederick Gaudreau wins face-off versus Brendan Gaunce in Sharks zone.
0:56 of 1st period - Snap shot by JT Compher.
0:56 of 1st period - Stopped by Philipp Grubauer without a rebound.
0:57 of 1st period - Gustav Nyquist wins face-off versus Frederick Gaudreau in Sharks zone.
1:23 of 1st period - Brendan Gallagher is hit by Oscar Sundqvist and loses puck.
1:30 of 1st period - Snap shot by Oscar Sundqvist.
1:30 of 1st period - Shot Misses the Net.
1:32 of 1st period - Wrist shot by Mike Lundin.
1:32 of 1st period - Shot Misses the Net.
1:34 of 1st period - Slapshot by Conor Sheary.
1:34 of 1st period - Shot Blocked by Brendan Gallagher.
1:50 of 1st period - Slapshot by Ryan Nugent-Hopkins.
1:50 of 1st period - Stopped by Philipp Grubauer without a rebound.
1:51 of 1st period - Boone Jenner wins face-off versus Brandon Dubinsky in Sharks zone.
2:08 of 1st period - Wrist shot by Zach Hyman.
2:08 of 1st period - Shot Misses the Net.
2:18 of 1st period - Anton Lindholm is hit by Oscar Sundqvist and loses puck.
3:06 of 1st period - Brady Skjei is hit by Gustav Nyquist and loses puck.
3:23 of 1st period - Brandon Dubinsky is hit by Steven Stamkos and loses puck.
3:32 of 1st period - Snap shot by Zach Hyman.
3:32 of 1st period - Stopped by Philipp Grubauer with a rebound.
4:04 of 1st period - Andrew Cogliano is hit by Zach Parise and loses puck.
4:13 of 1st period - Snap shot by Andrew Cogliano.
4:13 of 1st period - Shot Blocked by MacKenzie Weegar.
5:05 of 1st period - Andrei Loktionov is hit by Boone Jenner and loses puck.
6:27 of 1st period - Slapshot by Oscar Sundqvist.
6:27 of 1st period - Shot Misses the Net.
6:46 of 1st period - Icing by Tyler Cuma.
6:47 of 1st period - Gustav Nyquist wins face-off versus Andrei Loktionov in Sharks zone.
6:49 of 1st period - Icing by Wayne Simmonds.
6:50 of 1st period - Andrei Loktionov wins face-off versus Gustav Nyquist in Sharks zone.
6:57 of 1st period - Wrist shot by Andrei Loktionov.
6:57 of 1st period - Goal by Andrei Loktionov - Sharks : 0 - Golden Knights : 1.
6:58 of 1st period - Brendan Gallagher wins face-off versus Boone Jenner in neutral zone.
7:11 of 1st period - Snap shot by Brendan Gallagher.
7:11 of 1st period - Shot Blocked by Dion Phaneuf.
7:25 of 1st period - Cal Clutterbuck is hit by Oscar Sundqvist and loses puck.
7:31 of 1st period - Icing by Zach Bogosian.
7:32 of 1st period - Ryan Nugent-Hopkins wins face-off versus Oscar Sundqvist in Golden Knights zone.
7:35 of 1st period - Wrist shot by Oscar Sundqvist.
7:35 of 1st period - Shot Blocked by Brady Skjei.
7:37 of 1st period - Wrist shot by Conor Sheary.
7:37 of 1st period - Goal by Conor Sheary - Sharks : 1 - Golden Knights : 1.
7:38 of 1st period - Andrei Loktionov wins face-off versus Boone Jenner in neutral zone.
7:53 of 1st period - Wrist shot by Brendan Gallagher.
7:53 of 1st period - Stopped by Philipp Grubauer without a rebound.
7:54 of 1st period - Ryan Nugent-Hopkins wins face-off versus Oscar Sundqvist in Sharks zone.
7:55 of 1st period - Slapshot by Zach Bogosian.
7:55 of 1st period - Shot Blocked by Oscar Sundqvist.
8:04 of 1st period - Off-side.
8:05 of 1st period - Andrei Loktionov wins face-off versus Steven Stamkos in neutral zone.
8:41 of 1st period - Off-side.
8:42 of 1st period - Brandon Dubinsky wins face-off versus Boone Jenner in neutral zone.
8:51 of 1st period - Wrist shot by Brandon Dubinsky.
8:51 of 1st period - Stopped by Philipp Grubauer without a rebound.
8:52 of 1st period - Brandon Dubinsky wins face-off versus Boone Jenner in Sharks zone.
9:01 of 1st period - Wrist shot by Zach Hyman.
9:01 of 1st period - Stopped by Philipp Grubauer without a rebound.
9:02 of 1st period - Andrei Loktionov wins face-off versus Boone Jenner in Sharks zone.
9:29 of 1st period - Mike Lundin is hit by Cal Clutterbuck and loses puck.
10:04 of 1st period - Snap shot by Conor Sheary.
10:04 of 1st period - Shot Blocked by Zach Hyman.
10:48 of 1st period - Brendan Gallagher is hit by Wayne Simmonds and loses puck.
11:01 of 1st period - Markus Nutivaara is hit by Andrei Loktionov and loses puck.
11:12 of 1st period - Slapshot by Brendan Gallagher.
11:12 of 1st period - Stopped by Philipp Grubauer with a rebound.
11:14 of 1st period - Slapshot by Olli Maatta.
11:14 of 1st period - Stopped by Philipp Grubauer without a rebound.
11:15 of 1st period - Oscar Sundqvist wins face-off versus Ryan Nugent-Hopkins in Sharks zone.
11:20 of 1st period - Snap shot by Oscar Sundqvist.
11:20 of 1st period - Stopped by Laurent Brossoit with a rebound.
11:22 of 1st period - Slapshot by Zach Parise.
11:22 of 1st period - Deflect By Zach Bogosian.
11:22 of 1st period - Shot Misses the Net.
11:22 of 1st period - Puck is out of play.
11:23 of 1st period - Ryan Nugent-Hopkins wins face-off versus Oscar Sundqvist in Golden Knights zone.
11:54 of 1st period - Wrist shot by Oscar Sundqvist.
11:54 of 1st period - Stopped by Laurent Brossoit without a rebound.
11:55 of 1st period - Brendan Gaunce wins face-off versus Andrei Loktionov in Golden Knights zone.
12:04 of 1st period - Snap shot by Vince Hinostroza.
12:04 of 1st period - Shot Blocked by Anton Lindholm.
12:06 of 1st period - Snap shot by Vince Hinostroza.
12:06 of 1st period - Stopped by Laurent Brossoit with a rebound.
12:08 of 1st period - Snap shot by Vince Hinostroza.
12:08 of 1st period - Goal by Vince Hinostroza - Sharks : 2 - Golden Knights : 1.
12:09 of 1st period - Andrei Loktionov wins face-off versus Wayne Simmonds in neutral zone.
12:54 of 1st period - Brandon Dubinsky is hit by Zach Parise.
13:20 of 1st period - Wrist shot by Steven Stamkos.
13:20 of 1st period - Stopped by Laurent Brossoit with a rebound.
13:22 of 1st period - Slapshot by Wayne Simmonds.
13:22 of 1st period - Stopped by Laurent Brossoit with a rebound.
13:24 of 1st period - Snap shot by Steven Stamkos.
13:24 of 1st period - Deflect By Christopher Tanev.
13:24 of 1st period - Shot Hit the Post.
13:24 of 1st period - Puck is out of play.
13:25 of 1st period - Brendan Gallagher wins face-off versus Boone Jenner in Golden Knights zone.
13:27 of 1st period - Icing by Andrei Loktionov.
13:28 of 1st period - Brendan Gallagher wins face-off versus Boone Jenner in Golden Knights zone.
13:28 of 1st period - Brendan Gallagher is hit by Wayne Simmonds.
13:42 of 1st period - Snap shot by Marcus Johansson.
13:42 of 1st period - Shot Misses the Net.
13:44 of 1st period - Snap shot by Christopher Tanev.
13:44 of 1st period - Shot Misses the Net.
13:58 of 1st period - Wrist shot by Andreas Martinsen.
13:58 of 1st period - Shot Blocked by Andrew Cogliano.
14:00 of 1st period - Snap shot by Dion Phaneuf.
14:00 of 1st period - Goal by Dion Phaneuf - Sharks : 3 - Golden Knights : 1.
14:01 of 1st period - Andrei Loktionov wins face-off versus Boone Jenner in neutral zone.
14:46 of 1st period - Snap shot by Brendan Gallagher.
14:46 of 1st period - Stopped by Philipp Grubauer with a rebound.
14:48 of 1st period - Backhand shot by Marcus Johansson.
14:48 of 1st period - Shot Misses the Net.
14:50 of 1st period - Slapshot by Andrei Loktionov.
14:50 of 1st period - Stopped by Philipp Grubauer with a rebound.
14:52 of 1st period - Slapshot by Zach Bogosian.
14:52 of 1st period - Shot Misses the Net.
14:54 of 1st period - Slapshot by Brady Skjei.
14:54 of 1st period - Stopped by Philipp Grubauer with a rebound.
14:56 of 1st period - Wrist shot by Brendan Gallagher.
14:56 of 1st period - Goal by Brendan Gallagher - Sharks : 3 - Golden Knights : 2.
14:57 of 1st period - Boone Jenner wins face-off versus Ryan Nugent-Hopkins in neutral zone.
15:28 of 1st period - Slapshot by Dion Phaneuf.
15:28 of 1st period - Stopped by Laurent Brossoit with a rebound.
15:34 of 1st period - Slapshot by Gabriel Bourque.
15:34 of 1st period - Stopped by Philipp Grubauer with a rebound.
15:36 of 1st period - Snap shot by Gabriel Bourque.
15:36 of 1st period - Shot Misses the Net.
15:46 of 1st period - Slapshot by Mike Lundin.
15:46 of 1st period - Shot Misses the Net.
15:48 of 1st period - Wrist shot by Andreas Martinsen.
15:48 of 1st period - Deflect By Brady Skjei.
15:48 of 1st period - Shot Misses the Net.
15:48 of 1st period - Puck is out of play.
15:49 of 1st period - Vince Hinostroza wins face-off versus Frederick Gaudreau in Golden Knights zone.
16:30 of 1st period - Slapshot by Brady Skjei.
16:30 of 1st period - Shot Blocked by Vince Hinostroza.
16:32 of 1st period - Wrist shot by JT Compher.
16:32 of 1st period - Shot Misses the Net.
16:34 of 1st period - Snap shot by JT Compher.
16:34 of 1st period - Deflect By Andreas Martinsen.
16:34 of 1st period - Stopped by Philipp Grubauer without a rebound.
16:35 of 1st period - Andrei Loktionov wins face-off versus Steven Stamkos in Sharks zone.
16:42 of 1st period - Wayne Simmonds is hit by Brendan Gallagher and loses puck.
17:26 of 1st period - Wrist shot by Wayne Simmonds.
17:26 of 1st period - Shot Misses the Net.
17:32 of 1st period - Mike Lundin is hit by Jamie Oleksiak and loses puck.
17:49 of 1st period - Snap shot by Marcus Johansson.
17:49 of 1st period - Goal by Marcus Johansson - Sharks : 3 - Golden Knights : 3.
17:50 of 1st period - Boone Jenner wins face-off versus Andrei Loktionov in neutral zone.
17:53 of 1st period - Wrist shot by Wayne Simmonds.
17:53 of 1st period - Stopped by Laurent Brossoit without a rebound.
17:54 of 1st period - Boone Jenner wins face-off versus Andrei Loktionov in Golden Knights zone.
18:27 of 1st period - Slapshot by Brady Skjei.
18:27 of 1st period - Stopped by Philipp Grubauer without a rebound.
18:28 of 1st period - Ryan Nugent-Hopkins wins face-off versus Oscar Sundqvist in Sharks zone.
18:45 of 1st period - Snap shot by Conor Sheary.
18:45 of 1st period - Shot Misses the Net.
19:12 of 1st period - Minor Penalty to Mike Lundin for Hooking.
19:13 of 1st period - Andrei Loktionov wins face-off versus Boone Jenner in Sharks zone.
19:25 of 1st period - Wrist shot by Andrei Loktionov.
19:25 of 1st period - Shot Misses the Net.
19:27 of 1st period - Slapshot by Andrei Loktionov.
19:27 of 1st period - Stopped by Philipp Grubauer with a rebound.
19:29 of 1st period - Slapshot by Brady Skjei.
19:29 of 1st period - Shot Misses the Net.
19:48 of 1st period - Snap shot by Steven Stamkos.
19:48 of 1st period - Stopped by Laurent Brossoit without a rebound.
19:49 of 1st period - Boone Jenner wins face-off versus Andrei Loktionov in Golden Knights zone.
Goals for this period are 3 for Sharks vs 3 for Golden Knights.
Shots for this period are 11 for Sharks vs 18 for Golden Knights.
2nd period
0:01 of 2nd period - Boone Jenner wins face-off versus Brendan Gallagher in neutral zone.
0:26 of 2nd period - Boone Jenner is hit by Brady Skjei and loses puck.
0:53 of 2nd period - Connor Murphy is hit by Jamie Oleksiak.
1:07 of 2nd period - Jamie Oleksiak is hit by Zach Parise and loses puck.
1:12 of 2nd period - Penalty to Mike Lundin is over, Mike Lundin is back on ice.
1:34 of 2nd period - Snap shot by Oscar Sundqvist.
1:34 of 2nd period - Shot Misses the Net.
1:40 of 2nd period - Zach Parise is hit by Ryan Nugent-Hopkins and loses puck.
2:36 of 2nd period - Mike Lundin is hit by Andrew Cogliano and loses puck.
2:45 of 2nd period - Snap shot by Andrew Cogliano.
2:45 of 2nd period - Deflect By Ryan Nugent-Hopkins.
2:45 of 2nd period - Shot Blocked by Zach Parise.
2:45 of 2nd period - Puck is out of play.
2:46 of 2nd period - Andrei Loktionov wins face-off versus Boone Jenner in Sharks zone.
2:49 of 2nd period - Wrist shot by Brendan Gallagher.
2:49 of 2nd period - Shot Misses the Net.
3:09 of 2nd period - Brady Skjei is hit by Steven Stamkos and loses puck.
3:34 of 2nd period - Minor Penalty to Boone Jenner for Tripping.
3:35 of 2nd period - Andrei Loktionov wins face-off versus Brendan Gaunce in Sharks zone.
3:43 of 2nd period - Dion Phaneuf is hit by Zach Bogosian and loses puck.
5:34 of 2nd period - Penalty to Boone Jenner is over, Boone Jenner is back on ice.
6:25 of 2nd period - Christopher Tanev is hit by Conor Sheary and loses puck.
7:12 of 2nd period - Connor Murphy is hit by Andrei Loktionov and loses puck.
7:40 of 2nd period - Gabriel Bourque is hit by Zach Parise and loses puck.
7:59 of 2nd period - Tyler Cuma is hit by Cal Clutterbuck and loses puck.
9:23 of 2nd period - Vince Hinostroza is hit by Frederick Gaudreau and loses puck.
9:34 of 2nd period - Cal Clutterbuck is hit by Tyler Cuma and loses puck.
9:49 of 2nd period - Zach Parise is hit by Olli Maatta and loses puck.
10:23 of 2nd period - Wrist shot by Andreas Martinsen.
10:23 of 2nd period - Stopped by Laurent Brossoit with a rebound.
10:59 of 2nd period - Brendan Gallagher is hit by Tyler Cuma.
11:29 of 2nd period - Markus Nutivaara is hit by Brandon Dubinsky and loses puck.
11:48 of 2nd period - Oscar Sundqvist is hit by Anton Lindholm and loses puck.
12:01 of 2nd period - Jamie Oleksiak is hit by Vince Hinostroza and loses puck.
12:16 of 2nd period - Snap shot by JT Compher.
12:16 of 2nd period - Shot Misses the Net.
12:28 of 2nd period - Slapshot by Brady Skjei.
12:28 of 2nd period - Shot Misses the Net.
12:30 of 2nd period - Wrist shot by Zach Bogosian.
12:30 of 2nd period - Stopped by Philipp Grubauer without a rebound.
12:31 of 2nd period - Steven Stamkos wins face-off versus Brandon Dubinsky in Sharks zone.
12:41 of 2nd period - Steven Stamkos is hit by Gabriel Bourque and loses puck.
12:46 of 2nd period - Wrist shot by Zach Hyman.
12:46 of 2nd period - Stopped by Philipp Grubauer without a rebound.
12:47 of 2nd period - Andrei Loktionov wins face-off versus Oscar Sundqvist in Sharks zone.
13:06 of 2nd period - Brady Skjei is hit by Conor Sheary and loses puck.
13:35 of 2nd period - Zach Bogosian is hit by Connor Murphy and loses puck.
13:54 of 2nd period - Tyler Cuma is hit by Andrew Cogliano and loses puck.
14:32 of 2nd period - Wrist shot by JT Compher.
14:32 of 2nd period - Goal by JT Compher - Sharks : 3 - Golden Knights : 4.
14:33 of 2nd period - Ryan Nugent-Hopkins wins face-off versus Conor Sheary in neutral zone.
14:36 of 2nd period - Slapshot by Ryan Nugent-Hopkins.
14:36 of 2nd period - Stopped by Philipp Grubauer without a rebound.
14:37 of 2nd period - Conor Sheary wins face-off versus Ryan Nugent-Hopkins in Sharks zone.
14:46 of 2nd period - Snap shot by Conor Sheary.
14:46 of 2nd period - Deflect By Andrew Cogliano.
14:46 of 2nd period - Stopped by Laurent Brossoit with a rebound.
14:48 of 2nd period - Slapshot by Mike Lundin.
14:48 of 2nd period - Shot Misses the Net.
14:50 of 2nd period - Wrist shot by Dion Phaneuf.
14:50 of 2nd period - Shot Misses the Net.
14:52 of 2nd period - Slapshot by Mike Lundin.
14:52 of 2nd period - Stopped by Laurent Brossoit without a rebound.
14:53 of 2nd period - Andrei Loktionov wins face-off versus Boone Jenner in Golden Knights zone.
15:20 of 2nd period - Brady Skjei is hit by Vince Hinostroza and loses puck.
15:41 of 2nd period - Wrist shot by JT Compher.
15:41 of 2nd period - Stopped by Philipp Grubauer with a rebound.
16:09 of 2nd period - Wayne Simmonds is hit by Andrei Loktionov and loses puck.
16:54 of 2nd period - Slapshot by Andrew Cogliano.
16:54 of 2nd period - Stopped by Philipp Grubauer with a rebound.
16:56 of 2nd period - Snap shot by Ryan Nugent-Hopkins.
16:56 of 2nd period - Stopped by Philipp Grubauer with a rebound.
16:58 of 2nd period - Slapshot by Christopher Tanev.
16:58 of 2nd period - Shot Misses the Net.
17:19 of 2nd period - Wrist shot by Wayne Simmonds.
17:19 of 2nd period - Deflect By Gustav Nyquist.
17:19 of 2nd period - Shot Misses the Net.
17:19 of 2nd period - Puck is out of play.
17:20 of 2nd period - Andrei Loktionov wins face-off versus Brendan Gaunce in Golden Knights zone.
17:33 of 2nd period - Snap shot by Brendan Gaunce.
17:33 of 2nd period - Deflect By Vince Hinostroza.
17:33 of 2nd period - Shot Misses the Net.
17:33 of 2nd period - Puck is out of play.
17:34 of 2nd period - Andrei Loktionov wins face-off versus Boone Jenner in Golden Knights zone.
18:32 of 2nd period - Brandon Dubinsky is hit by Vince Hinostroza and loses puck.
18:52 of 2nd period - Anton Lindholm is hit by MacKenzie Weegar and loses puck.
19:03 of 2nd period - Wrist shot by Oscar Sundqvist.
19:03 of 2nd period - Stopped by Laurent Brossoit without a rebound.
19:04 of 2nd period - Andrei Loktionov wins face-off versus Oscar Sundqvist in Golden Knights zone.
19:09 of 2nd period - Slapshot by Zach Bogosian.
19:09 of 2nd period - Shot Misses the Net.
19:27 of 2nd period - Minor Penalty to Zach Parise for Interference.
19:28 of 2nd period - Boone Jenner wins face-off versus Andrei Loktionov in Sharks zone.
Goals for this period are 0 for Sharks vs 1 for Golden Knights.
Shots for this period are 4 for Sharks vs 7 for Golden Knights.
3rd period
0:01 of 3rd period - Andrei Loktionov wins face-off versus Boone Jenner in neutral zone.
0:03 of 3rd period - Off-side.
0:04 of 3rd period - Andrei Loktionov wins face-off versus Boone Jenner in neutral zone.
0:09 of 3rd period - Boone Jenner is hit by Andrei Loktionov and loses puck.
1:27 of 3rd period - Penalty to Zach Parise is over, Zach Parise is back on ice.
1:30 of 3rd period - Boone Jenner is hit by Ryan Nugent-Hopkins and loses puck.
1:36 of 3rd period - Off-side.
1:37 of 3rd period - Brandon Dubinsky wins face-off versus Wayne Simmonds in neutral zone.
1:40 of 3rd period - Slapshot by Zach Hyman.
1:40 of 3rd period - Stopped by Philipp Grubauer with a rebound.
1:42 of 3rd period - Slapshot by Christopher Tanev.
1:42 of 3rd period - Shot Blocked by MacKenzie Weegar.
1:46 of 3rd period - Wrist shot by Brandon Dubinsky.
1:46 of 3rd period - Goal by Brandon Dubinsky - Sharks : 3 - Golden Knights : 5.
1:47 of 3rd period - Andrei Loktionov wins face-off versus Boone Jenner in neutral zone.
1:50 of 3rd period - Slapshot by Brendan Gallagher.
1:50 of 3rd period - Deflect By Mike Lundin.
1:50 of 3rd period - Stopped by Philipp Grubauer with a rebound.
2:03 of 3rd period - Wayne Simmonds is hit by Brendan Gallagher and loses puck.
3:14 of 3rd period - Minor Penalty to Connor Murphy for Elbowing.
3:15 of 3rd period - Boone Jenner wins face-off versus Andrei Loktionov in Sharks zone.
3:55 of 3rd period - Markus Nutivaara is hit by Cal Clutterbuck and loses puck.
4:13 of 3rd period - Icing by Ryan Nugent-Hopkins.
4:14 of 3rd period - Boone Jenner wins face-off versus Ryan Nugent-Hopkins in Golden Knights zone.
4:20 of 3rd period - Icing by Brady Skjei.
4:21 of 3rd period - Oscar Sundqvist wins face-off versus Andrei Loktionov in Golden Knights zone.
4:26 of 3rd period - Snap shot by Zach Parise.
4:26 of 3rd period - Shot Misses the Net.
5:14 of 3rd period - Penalty to Connor Murphy is over, Connor Murphy is back on ice.
5:20 of 3rd period - Snap shot by Andreas Martinsen.
5:20 of 3rd period - Shot Misses the Net.
5:22 of 3rd period - Snap shot by Brendan Gaunce.
5:22 of 3rd period - Stopped by Laurent Brossoit with a rebound.
5:24 of 3rd period - Slapshot by Markus Nutivaara.
5:24 of 3rd period - Stopped by Laurent Brossoit with a rebound.
5:26 of 3rd period - Wrist shot by Brendan Gaunce.
5:26 of 3rd period - Stopped by Laurent Brossoit with a rebound.
5:28 of 3rd period - Snap shot by Andreas Martinsen.
5:28 of 3rd period - Stopped by Laurent Brossoit without a rebound.
5:29 of 3rd period - Cal Clutterbuck wins face-off versus Boone Jenner in Golden Knights zone.
5:34 of 3rd period - Connor Murphy is hit by Andrew Cogliano and loses puck.
6:17 of 3rd period - Wrist shot by JT Compher.
6:17 of 3rd period - Shot Blocked by MacKenzie Weegar.
6:43 of 3rd period - Wrist shot by Conor Sheary.
6:43 of 3rd period - Stopped by Laurent Brossoit with a rebound.
7:11 of 3rd period - Connor Murphy is hit by Christopher Tanev and loses puck.
7:52 of 3rd period - Snap shot by Wayne Simmonds.
7:52 of 3rd period - Shot Blocked by Anton Lindholm.
8:34 of 3rd period - Brendan Gaunce is hit by Andrew Cogliano.
8:40 of 3rd period - Snap shot by Andreas Martinsen.
8:40 of 3rd period - Shot Misses the Net.
8:42 of 3rd period - Snap shot by Andreas Martinsen.
8:42 of 3rd period - Shot Hit the Post.
9:55 of 3rd period - Jamie Oleksiak is hit by Boone Jenner and loses puck.
10:02 of 3rd period - Wrist shot by Vince Hinostroza.
10:02 of 3rd period - Deflect By Jamie Oleksiak.
10:02 of 3rd period - Stopped by Laurent Brossoit without a rebound.
10:03 of 3rd period - Andrei Loktionov wins face-off versus Boone Jenner in Golden Knights zone.
10:19 of 3rd period - Minor Penalty to Anton Lindholm for Hooking.
10:20 of 3rd period - Andrei Loktionov wins face-off versus Steven Stamkos in Golden Knights zone.
10:33 of 3rd period - Wrist shot by Steven Stamkos.
10:33 of 3rd period - Shot Misses the Net.
10:47 of 3rd period - Jamie Oleksiak is hit by Conor Sheary and loses puck.
11:22 of 3rd period - Zach Bogosian is hit by Boone Jenner and loses puck.
12:19 of 3rd period - Penalty to Anton Lindholm is over, Anton Lindholm is back on ice.
12:37 of 3rd period - Minor Penalty to Markus Nutivaara for Interference.
12:38 of 3rd period - Brendan Gallagher wins face-off versus Boone Jenner in Sharks zone.
12:40 of 3rd period - Slapshot by Marcus Johansson.
12:40 of 3rd period - Stopped by Philipp Grubauer without a rebound.
12:41 of 3rd period - Brendan Gallagher wins face-off versus Steven Stamkos in Sharks zone.
12:52 of 3rd period - Snap shot by Brendan Gallagher.
12:52 of 3rd period - Goal by Brendan Gallagher - Sharks : 3 - Golden Knights : 6.
12:53 of 3rd period - Andrei Loktionov wins face-off versus Boone Jenner in neutral zone.
13:51 of 3rd period - Slapshot by Tyler Cuma.
13:51 of 3rd period - Stopped by Laurent Brossoit with a rebound.
13:53 of 3rd period - Slapshot by Markus Nutivaara.
13:53 of 3rd period - Shot Misses the Net.
13:55 of 3rd period - Wrist shot by Oscar Sundqvist.
13:55 of 3rd period - Stopped by Laurent Brossoit without a rebound.
13:56 of 3rd period - Boone Jenner wins face-off versus Andrei Loktionov in Golden Knights zone.
14:55 of 3rd period - Slapshot by Brady Skjei.
14:55 of 3rd period - Deflect By Brandon Dubinsky.
14:55 of 3rd period - Stopped by Philipp Grubauer with a rebound.
14:57 of 3rd period - Slapshot by Brady Skjei.
14:57 of 3rd period - Stopped by Philipp Grubauer without a rebound.
14:58 of 3rd period - Andrei Loktionov wins face-off versus Oscar Sundqvist in Sharks zone.
15:02 of 3rd period - Minor Penalty to Mike Lundin for Interference.
15:03 of 3rd period - Boone Jenner wins face-off versus Andrei Loktionov in Sharks zone.
15:03 of 3rd period - Boone Jenner is hit by Zach Bogosian.
15:12 of 3rd period - Steven Stamkos is hit by Brendan Gallagher.
15:15 of 3rd period - Off-side.
15:16 of 3rd period - Andrei Loktionov wins face-off versus Boone Jenner in neutral zone.
15:21 of 3rd period - Dion Phaneuf is hit by Andrei Loktionov and loses puck.
15:42 of 3rd period - Slapshot by Andrew Cogliano.
15:42 of 3rd period - Stopped by Philipp Grubauer with a rebound.
15:52 of 3rd period - Slapshot by Cal Clutterbuck.
15:52 of 3rd period - Shot Misses the Net.
16:08 of 3rd period - Zach Parise is hit by Marcus Johansson and loses puck.
17:02 of 3rd period - Penalty to Mike Lundin is over, Mike Lundin is back on ice.
17:09 of 3rd period - Gabriel Bourque is hit by Mike Lundin and loses puck.
17:14 of 3rd period - Wrist shot by Wayne Simmonds.
17:14 of 3rd period - Shot Misses the Net.
17:20 of 3rd period - Mike Lundin is hit by Gabriel Bourque and loses puck.
17:38 of 3rd period - Snap shot by JT Compher.
17:38 of 3rd period - Shot Blocked by MacKenzie Weegar.
17:40 of 3rd period - Snap shot by JT Compher.
17:40 of 3rd period - Shot Blocked by Vince Hinostroza.
17:42 of 3rd period - Snap shot by Eric Robinson.
17:42 of 3rd period - Shot Blocked by MacKenzie Weegar.
17:58 of 3rd period - Snap shot by Conor Sheary.
17:58 of 3rd period - Goal by Conor Sheary - Sharks : 4 - Golden Knights : 6.
17:59 of 3rd period - Brendan Gaunce wins face-off versus Brandon Dubinsky in neutral zone.
17:59 of 3rd period - Brendan Gaunce is hit by Zach Bogosian.
18:04 of 3rd period - Markus Nutivaara is hit by Zach Bogosian.
18:26 of 3rd period - Snap shot by Boone Jenner.
18:26 of 3rd period - Stopped by Laurent Brossoit with a rebound.
19:07 of 3rd period - Icing by Mike Lundin.
19:08 of 3rd period - Wayne Simmonds wins face-off versus Brendan Gallagher in Sharks zone.
19:49 of 3rd period - Markus Nutivaara is hit by Jamie Oleksiak and loses puck.
Goals for this period are 1 for Sharks vs 2 for Golden Knights.
Shots for this period are 10 for Sharks vs 8 for Golden Knights.